 Dungeon Crawl Stone Soup version 0.19.5 (webtiles) character file.

1617 neonrust the Jinx (level 8, -4/41 HPs)
             Began as a Deep Elf Conjurer on Apr 22, 2017.
             Was a Believer of Qazlal.
             Slain by Pikel
             ... wielding a +2 whip of flaming
              (7 damage)
             ... on level 7 of the Dungeon.
             The game lasted 00:33:37 (5322 turns).

neonrust the Jinx (Deep Elf Conjurer)               Turns: 5322, Time: 00:33:38

Health: -4/41      AC:  3    Str:  3    XL:     8   Next: 64%
Magic:  16/33      EV: 13    Int: 23    God:    Qazlal [**....]
Gold:   324        SH:  3    Dex: 17    Spells: 5 memorised, 9 levels left

rFire  . . .     SeeInvis .     u - +4 quarterstaff (chaos)
rCold  . . .     Gourm    .     D - +0 robe
rNeg   . . .     Faith    .     (shield currently unavailable)
rPois  .         Spirit   .     F - +0 hat
rElec  .         Reflect  .     g - +0 cloak
rCorr  .         Harm     .     (no gloves)
MR     +....                    (no boots)
Stlth  +++.......               (no amulet)
                                J - ring of magical power
                                i - +2 ring of dexterity

@: no status effects
A: horns 1, high mp 1, magic resistance 1, weak 1
a: Upheaval, Renounce Religion


You were on level 7 of the Dungeon.
You worshipped Qazlal.
Qazlal was pleased with you.
You were not hungry.

You visited 1 branch of the dungeon, and saw 7 of its levels.

You collected 324 gold pieces.

Inventory:

Hand Weapons
 u - a +4 quarterstaff of chaos (weapon)
Armour
 a - a +0 robe
 g - a +0 cloak (worn)
 D - a +0 robe (worn)
 F - a +0 hat (worn)
Magical Staves
 G - an uncursed staff of cold
Jewellery
 i - a +2 ring of dexterity (left hand)
 E - an uncursed ring of protection from fire
 J - a ring of magical power (right hand)
Scrolls
 d - 2 scrolls of random uselessness {unknown}
 f - a scroll of immolation (quivered) {unknown}
 h - a scroll of enchant weapon {unknown}
 j - a scroll of blinking {unknown}
 m - 2 scrolls of fog {unknown}
 o - 8 scrolls of identify {unknown}
 q - 2 scrolls of noise {unknown}
 s - 3 scrolls of teleportation {unknown}
 t - 2 scrolls of recharging
 y - a scroll of fear {unknown}
 C - 3 scrolls of remove curse
Potions
 e - a potion of cancellation {unknown}
 n - a potion of lignification
 p - a potion of agility {unknown}
 r - a potion of brilliance {unknown}
 w - a potion of might
 x - 2 potions of curing
 z - 2 potions of resistance {unknown}
 A - a potion of flight {unknown}
 B - a potion of invisibility {unknown}
 H - a potion of heal wounds
 I - a potion of ambrosia {unknown}
Books
 b - a book of Conjurations

   Spells                             Type                      Level
   a - Magic Dart                     Conjuration                  1
   b - Searing Ray                    Conjuration                  2
   c - Dazzling Spray                 Conjuration/Hexes            3
   d - Fulminant Prism                Conjuration/Hexes            4
   e - Iskenderun's Mystic Blast      Conjuration                  4
   f - Iskenderun's Battlesphere      Conjuration/Charms           5
Comestibles
 c - a bread ration
 k - 2 meat rations
 l - 6 fruits
 v - a beef jerky


   Skills:
 - Level 1.0 Throwing
 - Level 2.4 Dodging
 + Level 5.7 Stealth
 + Level 8.1 Spellcasting
 + Level 6.8 Conjurations
 * Level 8.7 Hexes


You had 9 spell levels left.
You knew the following spells:

 Your Spells              Type           Power        Failure   Level  Hunger
a - Magic Dart            Conj           ####         1%          1    None
b - Searing Ray           Conj           #####.       1%          2    None
c - Dazzling Spray        Conj/Hex       #####.       1%          3    None
d - Iskenderun's Mystic   Conj           #####...     6%          4    ###....
e - Fulminant Prism       Conj/Hex       #####.....   3%          4    ###....


Dungeon Overview and Level Annotations

Branches:
Dungeon (7/15)             Temple (0/1) D:6

Altars:
Dithmenos
Elyvilon
Gozag
Hepliaklqana
Okawaru
Qazlal
Xom
The Shining One

Annotations:
D:7 Menkaure, Pikel


Innate Abilities, Weirdness & Mutations

You have a pair of small horns on your head.
You have an increased reservoir of magic. (+10% MP)
You are resistant to hostile enchantments. (MR+)
You are weak. (Str -2)


Message History

You finish channeling your searing ray.
Pikel hits you with a whip of flaming!
* * * LOW HITPOINT WARNING * * *
Pikel burns you.
* * * LOW HITPOINT WARNING * * *
Unknown command.
Unknown command.
As you read the scroll labeled MUITUSA KIAMA, it crumbles to dust.
You feel blessed for a moment.
It was a scroll of remove curse.
Menkaure breathes soot at you.
Pikel drinks a potion.
Pikel is healed!
The slave hits you!
* * * LOW HITPOINT WARNING * * *
The slave misses you.
Remove which piece of jewellery? (? for menu, Esc to quit)
Okay, then.
Unknown command.
As you read the scroll labeled YRRIVE QUSTILO, it crumbles to dust.
It is a scroll of recharging.
You aren't carrying any rechargeable items.
Pikel hits you with a whip of flaming!
You die...

. .# ## ####.
#.# #... #
...####p##.##
#.#.#...p@Kp.#
#.......##M#$#
#.#.#<#### ..
#.#.## .#
#....# ..
#..#........
#.
##...####.##
##.## #.


You could see Pikel, 3 slaves and Menkaure.

Vanquished Creatures
  Sigmund (D:4)
  A hungry ghost (D:7)
  A water moccasin (D:6)
  Purgy (D:4)
  A sky beast (D:5)
  A slave (D:7)
  A necrophage (D:5)
  A bullfrog (D:6)
  2 scorpions
  2 crimson imps (D:6)
  A bullfrog zombie (D:5)
  A quasit (D:6)
  2 centaur zombies
  A hound (D:5)
  An orc priest (D:4)
  Crazy Yiuf (D:2)
  A bullfrog skeleton (D:5)
  Ijyb (D:2)
  Natasha (thrice) (D:2 D:3 D:4)
  An orc wizard (D:5)
  4 worker ants
  A hound skeleton (D:5)
  3 gnolls (D:6)
  10 adders
  2 oozes
  An adder zombie (D:6)
  An adder skeleton (D:6)
  2 worms
  6 leopard geckos
  8 orcs
  A ball python (D:1)
  A giant cockroach (D:6)
  10 goblins
  5 hobgoblins
  10 jackals
  6 kobolds
  4 quokkas
  8 bats
  7 frilled lizards
  A jackal skeleton (D:4)
  A jackal zombie (D:6)
  A quokka zombie (D:5)
  9 rats
  2 fungi (D:2)
129 creatures vanquished.

Vanquished Creatures (others)
  2 fulminant prisms
2 creatures vanquished.

Grand Total: 131 creatures vanquished

Notes
Turn   | Place    | Note
-------+----------+-------------------------------------------
     0 | D:1      | neonrust the Deep Elf Conjurer began the quest for the Orb.
     0 | D:1      | Reached XP level 1. HP: 10/10 MP: 6/6
   207 | D:1      | Reached XP level 2. HP: 15/15 MP: 4/8
   330 | D:1      | Reached skill level 5 in Conjurations
   934 | D:2      | Found a stormy altar of Qazlal.
   940 | D:2      | Became a worshipper of Qazlal Stormbringer
   999 | D:2      | Noticed Ijyb
  1003 | D:2      | Reached XP level 3. HP: 19/19 MP: 1/10
  1010 | D:2      | Learned a level 2 spell: Searing Ray
  1014 | D:2      | Learned a level 3 spell: Dazzling Spray
  1167 | D:2      | Killed Ijyb
  1167 | D:2      | Reached XP level 4. HP: 24/24 MP: 1/12
  1384 | D:2      | Noticed Natasha
  1388 | D:2      | Killed Natasha
  1664 | D:2      | Found a runed door.
  1668 | D:2      | Noticed Crazy Yiuf
  1671 | D:2      | Killed Crazy Yiuf
  1718 | D:3      | Reached XP level 5. HP: 28/28 MP: 10/14
  1851 | D:3      | Reached skill level 5 in Spellcasting
  1968 | D:3      | Noticed Natasha
  1973 | D:3      | Killed Natasha
  2071 | D:3      | Learned a level 4 spell: Iskenderun's Mystic Blast
  2076 | D:3      | Learned a level 4 spell: Fulminant Prism
  2091 | D:3      | Reached * piety under Qazlal
  2092 | D:3      | Reached skill level 1 in Hexes
  2765 | D:4      | Noticed Sigmund
  2776 | D:4      | Killed Sigmund
  2776 | D:4      | Reached XP level 6. HP: 32/32 MP: 2/16
  2836 | D:4      | Found an iron altar of Okawaru.
  2877 | D:4      | Noticed Natasha
  2881 | D:4      | Killed Natasha
  3131 | D:4      | Found a shimmering altar of Xom.
  3133 | D:4      | Found an iron altar of Okawaru.
  3133 | D:4      | Found a hazy altar of Hepliaklqana.
  3135 | D:4      | Found a white marble altar of Elyvilon.
  3135 | D:4      | Found a glowing golden altar of the Shining One.
  3135 | D:4      | Found a shimmering altar of Xom.
  3241 | D:4      | Noticed Purgy
  3248 | D:4      | Killed Purgy
  3248 | D:4      | Reached skill level 1 in Throwing
  3248 | D:4      | Reached XP level 7. HP: 33/36 MP: 4/18
  3492 | D:4      | Reached skill level 5 in Hexes
  3597 | D:5      | Entered Level 5 of the Dungeon
  3766 | D:5      | Reached ** piety under Qazlal
  3911 | D:5      | Found a shadowy altar of Dithmenos.
  4741 | D:6      | Reached XP level 8. HP: 41/41 MP: 15/20
  4782 | D:5      | Gained mutation: You are weak. (Str -2) [potion of mutation]
  4782 | D:5      | Gained mutation: You are resistant to hostile enchantments. (MR+) [potion of mutation]
  4782 | D:5      | Gained mutation: You passively map a small area around you. [potion of mutation]
  4783 | D:5      | Gained mutation: You have a pair of small horns on your head. [potion of mutation]
  4783 | D:5      | Lost mutation: You passively map a small area around you. [potion of mutation]
  4783 | D:5      | Gained mutation: You have an increased reservoir of magic. (+10% MP) [potion of mutation]
  5017 | D:6      | Reached skill level 5 in Stealth
  5052 | D:6      | Found a staircase to the Ecumenical Temple.
  5093 | D:6      | Found a shadowy altar of Dithmenos.
  5250 | D:6      | Found an opulent altar of Gozag.
  5311 | D:7      | Noticed Menkaure
  5311 | D:7      | Noticed Pikel
  5322 | D:7      | Slain by Pikel

Skill      XL: |  1  2  3  4  5  6  7  8 |
---------------+-------------------------+-----
Conjurations   | 5 6 |  6.8
Spellcasting   | 4 5 6 7 8 |  8.1
Hexes          | 3 4 7 8 |  8.7
Throwing       | 1 |  1.0
Stealth        | 4 5 |  5.7
Dodging        | |  2.4

Action                   |  1- 3 |  4- 6 |  7- 9 || total
-------------------------+-------+-------+-------++-------
Melee: Short sword       |       |    41 |       ||    41
       Quarterstaff      |       |     3 |    15 ||    18
 Cast: Magic Dart        |    47 |    86 |   128 ||   261
       Searing Ray       |     3 |     6 |    17 ||    26
       Dazzling Spray    |       |     2 |     2 ||     4
       Fulminant Prism   |       |     1 |     1 ||     2
       Iskenderun's Myst |       |       |     3 ||     3
  Use: Potion            |       |       |     5 ||     5
       Scroll            |       |       |     2 ||     2
  Eat: Bread ration      |       |     2 |     2 ||     4
Armor: Robe              |     2 |     1 |    11 ||    14
Dodge: Dodged            |     5 |    11 |    42 ||    58
Block: Other             |       |     1 |     5 ||     6
